 Dungeon Crawl Stone Soup version 0.17.1-2-g5865329 (webtiles) character file.

2771 ImaNewbie the Spear-Bearer (level 9, -3/73 HPs)
             Began as a Merfolk Berserker on Jan 29, 2016.
             Was an Elder of Trog.
             Hit by a tomahawk thrown by an orc warrior (14 damage)
             ... on level 7 of the Dungeon.
             The game lasted 00:27:09 (8147 turns).

ImaNewbie the Spear-Bearer (Merfolk Berserker)      Turns: 8147, Time: 00:27:09

Health: -3/73      AC:  8    Str: 20    XL:     9   Next: 69%
Magic:  9/9        EV: 13    Int:  6    God:    Trog [****..]
Gold:   314        SH:  0    Dex: 14    Spells: 0 memorised, 8 levels left

rFire  . . .     SeeInvis .     a - +0 spear
rCold  . . .     Clarity  .     i - +1 animal skin
rNeg   . . .     SustAt   .     (no shield)
rPois  .         Gourm    .     q - +0 helmet
rElec  .         Spirit   .     t - +0 cloak
rCorr  +         Warding  .     k - +1 pair of gloves
rMut   .         Stasis   .     (no boots)
MR     .....                    n - amulet of resist corrosion
Stlth  +.........               (no ring)
                                (no ring)

@: not resistant to hostile enchantments, very unstealthy
A: change form in water, swift swim
a: Berserk, Trog's Hand, Brothers in Arms, Burn Spellbooks, Renounce Religion


You were on level 7 of the Dungeon.
You worshipped Trog.
Trog was greatly pleased with you.
You were hungry.

You visited 1 branch of the dungeon, and saw 7 of its levels.

You collected 314 gold pieces.

Inventory:

Hand Weapons
 a - a +0 spear (weapon)
 b - a +0 halberd
Armour
 i - a +1 animal skin (worn)
 k - a +1 pair of gloves (worn)
 q - a +0 helmet (worn)
 t - a +0 cloak (worn)
Jewellery
 n - an amulet of resist corrosion (around neck)
Wands
 r - a wand of digging (8)
Scrolls
 f - 5 scrolls of remove curse
 x - a scroll of blinking
 y - a scroll of fog
Potions
 d - 4 potions of curing
 e - 2 potions of magic
 g - 2 potions of agility
 j - 2 potions of might
 l - a potion of invisibility {unknown}
 m - a potion of lignification {unknown}
 s - 2 potions of heal wounds
 u - a potion of berserk rage {unknown}
 v - a potion of degeneration {unknown}
 w - a potion of ambrosia {unknown}
 A - a potion of flight {unknown}
 B - a potion of haste {unknown}
Comestibles
 c - 4 bread rations
 h - 12 fruits
 o - 2 meat rations
 p - a chunk of flesh


   Skills:
 + Level 7.6 Fighting
 + Level 13.7 Polearms
 * Level 4.8 Armour
 - Level 2.6 Dodging


You had 8 spell levels left.
You didn't know any spells.

Dungeon Overview and Level Annotations

Branches:
Dungeon (7/15)             Temple (0/1) D:4

Altars:
Cheibriados
Dithmenos
Fedhas
Makhleb
Nemelex Xobeh
Okawaru
Qazlal
Ru
Trog


Message History

The orc warrior hits you with a flail!
You hit the orc warrior but do no damage.
The orc warrior is moderately wounded.
The giant frog hits you!
You barely miss the orc warrior.
The orc warrior is moderately wounded.
The giant frog hits you but does no damage.
The orc warrior hits you with a flail!!
* * * LOW HITPOINT WARNING * * *
Unknown command.
You are too injured to fight recklessly!
You see here 2 potions of might.
The giant frog misses you.
You feel less exhausted. The giant frog barely misses you.
You see here 19 stones.
The orc warrior throws a tomahawk.
The tomahawk barely misses you.
The giant frog hits you but does no damage.
The orc warrior throws a tomahawk.
The tomahawk hits you!
You die...

### #.. #.# ### 8..
#.#######... ##>
#.........# ###
###(.......## #
#.##........(..#
###.#.....@F(.....(#
............$......##
#...........o.......#
...............!..#.#
.###..##........()#.#
##.##................
#.#...........##....
...####...........###
##.
#.........##.##......


You could see an orc warrior and a giant frog.

Vanquished Creatures
  An oklob plant (D:3)
  Sigmund (D:2)
  2 orc warriors
  A water moccasin (D:5)
  A black bear (D:6)
  An ice beast (D:4)
  An ogre (D:5)
  A necrophage (D:5)
  3 centaurs
  Blork the orc (D:5)
  2 giant frogs
  A wyvern skeleton (D:7)
  3 scorpions
  2 hounds
  A quasit (D:6)
  2 crimson imps
  4 orc wizards
  A gnoll shaman (D:5)
  3 orc priests
  2 worker ants
  3 iguanas
  A hound skeleton (D:4)
  A worker ant zombie (D:7)
  8 gnolls (D:5)
  Robin (D:2)
  12 adders
  3 shadow imps
  An adder skeleton (D:5)
  2 worms
  29 orcs
  6 bats
  19 goblins
  11 hobgoblins
  A quokka (D:5)
  A ball python (D:5)
  2 giant cockroaches
  10 giant geckos
  A giant gecko zombie (D:5)
  2 giant newts
  4 jackals
  13 kobolds
  10 rats
  2 fungi (D:3)
177 creatures vanquished.

Vanquished Creatures (others)
  An adder (D:3)
1 creature vanquished.

Grand Total: 178 creatures vanquished

Notes
Turn   | Place    | Note
--------------------------------------------------------------
     0 | D:1      | ImaNewbie the Merfolk Berserker began the quest for the Orb.
     0 | D:1      | Reached XP level 1. HP: 18/18 MP: 1/1
   132 | D:1      | Reached skill level 5 in Polearms
   147 | D:1      | Reached XP level 2. HP: 18/24 MP: 2/2
   390 | D:1      | Reached ** piety under Trog
   617 | D:1      | Reached XP level 3. HP: 29/29 MP: 3/3
   666 | D:1      | Reached skill level 6 in Polearms
  1061 | D:2      | Noticed Sigmund
  1073 | D:2      | Killed Sigmund
  1073 | D:2      | Reached skill level 9 in Polearms
  1073 | D:2      | Reached XP level 4. HP: 35/35 MP: 4/4
  1073 | D:2      | Reached XP level 5. HP: 41/41 MP: 5/5
  1081 | D:2      | Noticed Robin
  1681 | D:2      | Killed Robin
  1681 | D:2      | Reached XP level 6. HP: 47/47 MP: 6/6
  1784 | D:2      | Found a snail-covered altar of Cheibriados.
  1898 | D:2      | Found a shadowy altar of Dithmenos.
  2142 | D:3      | Reached *** piety under Trog
  2462 | D:3      | Found a bloodstained altar of Trog.
  2644 | D:3      | Reached skill level 10 in Polearms
  3225 | D:3      | Found a burning altar of Makhleb.
  3228 | D:3      | Found a stormy altar of Qazlal.
  3231 | D:3      | Found an iron altar of Okawaru.
  3529 | D:3      | Found a blossoming altar of Fedhas.
  3635 | D:3      | Noticed an oklob plant
  3694 | D:3      | Killed an oklob plant
  3694 | D:3      | Reached skill level 12 in Polearms
  3694 | D:3      | Reached XP level 7. HP: 50/52 MP: 7/7
  3843 | D:4      | Reached XP level 8. HP: 54/59 MP: 8/8
  4180 | D:4      | Found a staircase to the Ecumenical Temple.
  4265 | D:4      | Found a sparkling altar of Nemelex Xobeh.
  4376 | D:4      | Reached skill level 5 in Fighting
  4470 | D:4      | Found a shadowy altar of Dithmenos.
  4854 | D:4      | Found a sacrificial altar of Ru.
  5059 | D:5      | Entered Level 5 of the Dungeon
  5202 | D:5      | Reached **** piety under Trog
  6224 | D:5      | Reached skill level 13 in Polearms
  6224 | D:5      | Reached XP level 9. HP: 22/71 MP: 9/9
  6996 | D:6      | Noticed Blork the orc
  7016 | D:5      | Killed Blork the orc
  8147 | D:7      | Hit by a tomahawk thrown by an orc warrior

Action                   |  1- 3 |  4- 6 |  7- 9 || total
-------------------------+-------+-------+-------++-------
Melee: Spear             |   138 |   298 |   648 ||  1084
       Halberd           |       |       |    23 ||    23
Invok: Berserk           |     3 |     4 |     4 ||    11
       Trog's Hand       |     1 |     1 |     9 ||    11
  Use: Scroll            |       |     7 |     9 ||    16
       Potion            |       |       |     1 ||     1
 Stab: Sleeping          |     2 |     2 |     2 ||     6
  Eat: Chunk             |     3 |    12 |    19 ||    34
       Beef jerky        |       |       |     1 ||     1
